 Dungeon Crawl Stone Soup version 0.31-a0-818-ge7c7cf74f0 (webtiles) character file.

Game seed: 6566555003839094438

38 EnegeticOcto the Sneak (level 3, 0/32 HPs)
             Began as an Armataur Delver on Sept 23, 2023.
             Was an Initiate of Okawaru.
             Succumbed to an adder's poison
             ... on level 3 of the Dungeon.
             The game lasted 00:04:25 (637 turns).

EnegeticOcto the Sneak (Armataur Delver)             Turns: 637, Time: 00:04:26

Health: 0/32       AC:  4    Str: 19    XL:     3   Next: 25%
Magic:  3/3        EV:  9    Int: 10    God:    Okawaru [......]
Gold:   49         SH:  0    Dex: 11    Spells: 2/2 levels left

rFire   . . .        a - +0 mace
rCold   . . .        (no shield)
rNeg    . . .        i - +0 leather armour
rPois   .            (no helmet)
rElec   .            (no cloak)
rCorr   .            (no gloves)
SInv    .            (no barding)
Will    +....        (no amulet)
Stlth   +++          (no ring)
HPRegen 0.25/turn    (no ring)
MPRegen 0.08/turn

%: roll
@: mighty, lethally poisoned (0 -> -1), attractive, enlightened, flying,
invisible
A: large, rugged brown scales 3, deformed body, armoured tail, roll, long
tongue, awkward tongue
a: Renounce Religion


You were on level 3 of the Dungeon.
You worshipped Okawaru.
Okawaru was noncommittal.
You visited 2 branches of the dungeon, and saw 4 of its levels.

You collected 49 gold pieces.

Inventory:

Hand Weapons
 a - a +0 mace (weapon)
 b - a +0 sling
   (You took it off a goblin on level 3 of the Dungeon)
Armour
 i - a +0 leather armour (worn)
Wands
 g - a wand of digging (2) {@v3}
Scrolls
 c - a scroll of fog {!r}
 e - a scroll of fear {!r}
 k - a scroll of identify {unknown}
 m - a scroll of enchant armour {unknown}


   Skills:
 - Level 2.6 Fighting
 + Level 3.4 Maces & Flails
 - Level 1.3 Dodging
 - Level 5.4 Stealth


You had 2 spell levels left.
You didn't know any spells.
Your spell library was empty.

Dungeon Overview and Level Annotations

Branches:
Dungeon (5/15) Zot: 17396  Temple (1/1) D:5 Zot: 5973

Altars:
Cheibriados
Dithmenos
Elyvilon
Gozag
Hepliaklqana
Makhleb
Okawaru
Qazlal
Sif Muna
Trog
Wu Jian
Yredelemnul
Zin
The Shining One

Annotations:
D:3 exclusion: 3 orcs
D:4 exclusion: door
D:5 exclusion: lemure


Innate Abilities, Weirdness & Mutations

You are completely covered in rugged brown scales. (AC +3, +7% HP)
Armour fits poorly on your strangely shaped body.
You have a long armoured tail.
You roll when moving toward enemies. (Rampage)
Your long tongue fully drains potion bottles. (2x potion effects)
Your tongue gives you trouble enunciating. (1.5x scroll delay)


Message History

The jackal bites you.
The jackal bites you but does no damage.
You closely miss the jackal.
The jackal is lightly wounded.
The jackal bites you but does no damage.
You closely miss the jackal.
The jackal is lightly wounded.
The jackal closely misses you.
The jackal bites you but does no damage.
You thump the jackal!
You kill the jackal!
Okawaru accepts your kill.
You have reached level 3!
Your experience leads to an increase in your attributes!
Increase (s)trength, (i)ntelligence, or (d)exterity?
You feel stronger. x2
You start resting.
HP restored.
m - a scroll labelled MAIGHI VISOMY Adjust (i)tems, (s)pells, or (a)bilities?
i - a +0 sling Adjust to which letter? (? for menu, Esc to quit)
b - a +0 sling;
i - a +0 leather armour (worn)
b - a +0 sling (weapon)
You shoot a sling bullet. The sling bullet misses the adder.
You shoot a sling bullet. The sling bullet misses the adder.
a - a +0 mace (weapon)
You hit the adder.
The adder is lightly wounded.
The adder bites you but does no damage.
You barely miss the adder.
The adder is lightly wounded.
The adder bites you.
You are poisoned.
The adder poisons you! The adder bites you.
You barely miss the adder.
The adder is lightly wounded.
You feel sick. The adder closely misses you.
You hit the adder but do no damage.
The adder is lightly wounded.
You feel sick. The adder bites you.
You are more poisoned.
The adder poisons you! The adder bites you.
You are too injured to fight recklessly!
You hit the adder.
The adder is moderately wounded.
You feel sick.
The adder bites you but does no damage. x2
You barely miss the adder.
The adder is moderately wounded.
You feel sick. The adder bites you.
It was a potion of attraction.
You feel attractive to monsters.
You slurp down every last drop of the potion of attraction!
You feel sick. The adder bites you.
* * * LOW HITPOINT WARNING * * *
The adder bites you.
* * * LOW HITPOINT WARNING * * *
It was a potion of might.
You feel very mighty all of a sudden.
You slurp down every last drop of the potion of might!
You feel sick.
You are no longer poisoned.
The adder barely misses you.
It was a potion of invisibility.
You fade into invisibility!
You slurp down every last drop of the potion of invisibility!
The adder bites you but does no damage.
You closely miss the adder.
The adder is moderately wounded.
The adder closely misses you. The adder bites you.
* * * LOW HITPOINT WARNING * * *
You are lethally poisoned!
The adder poisons you!
It was a potion of enlightenment.
You feel very buoyant.
You fly up into the air.
You slurp down every last drop of the potion of enlightenment!
* * * LOW HITPOINT WARNING * * *
You feel sick. The adder barely misses you.
You aren't carrying any potions.
You strike the helpless adder from behind!
You sock the adder!
You kill the adder!
Okawaru accepts your kill.
* * * LOW HITPOINT WARNING * * *
You feel sick.
You aren't carrying any potions.
Unknown command.
Okay, then.
* * * LOW HITPOINT WARNING * * *
You feel sick.
* * * LOW HITPOINT WARNING * * *
You feel sick.
* * * LOW HITPOINT WARNING * * *
You feel sick.
You aren't carrying any potions.
As you slowly read the scroll labelled PAMUUT TUKK, it crumbles to dust.
It is a scroll of amnesia.
You feel forgetful for a moment.
You die...

#..♣# ♣.♣ #♣†#########
### #..♣ ♣.♣ ♣......#
#..♣# #♣.♣# #♣.####.#
#...♣♣♣...♣♣♣..# .#
#..............####.###
#.#########...........
#..##########.......#.#
##..........#.......#.#
#########.@..........#.
#.##...........
#.##...........
#.##########... #.# #.#
#.## #..# ##(#


There were no monsters in sight!

Vanquished Creatures
  3 adders
  An endoplasm (D:3)
  2 goblins (D:3)
  2 jackals (D:3)
  A ball python (D:4)
  5 rats (D:3)
14 creatures vanquished.

Notes
Turn   | Place    | Note
-------+----------+-------------------------------------------
     0 | D:5      | EnegeticOcto the Armataur Delver began the quest for the
                  | Orb.
     0 | D:5      | Reached XP level 1. HP: 19/19 MP: 1/1
    13 | D:5      | Noticed a lemure
    13 | D:5      | Noticed a lemure
    38 | D:4      | Noticed a jelly
    41 | D:4      | Found a white marble altar of Elyvilon.
    82 | D:5      | Found a staircase to the Ecumenical Temple.
    91 | Temple   | Entered the Ecumenical Temple
   104 | Temple   | Became a worshipper of Warmaster Okawaru
   136 | D:5      | Reached skill level 2 in Maces & Flails
   136 | D:5      | Reached XP level 2. HP: 26/26 MP: 2/2
   267 | D:4      | Noticed a steam dragon
   323 | D:3      | Reached skill level 3 in Maces & Flails
   562 | D:3      | Reached XP level 3. HP: 30/32 MP: 3/3
   636 | D:3      | HP: 1/32 [poisoned by an adder]
   637 | D:3      | Succumbed to an adder's poison

Illustrated notes

Levels and vault maps discovered:
D:3:      layout_rooms, minmay_stone_trees_medium
D:4:      layout_rooms, nicolae_overflow_hidden_temple, mrwooster_statue_mirror,
          kennysheep_flooded_box, serial_park_tiny_pond, dk_noncrumbling_3,
          uniq_edmund
D:5:      layout_cave_pods, nicolae_ashenzari_panopticon,
          minmay_temple_entry_antechambers, enter_ossuary_5,
          roderic_cross_of_infinity, uniq_pikel
Temple:   nicolae_temple_ecumenical_triangle

Skill      XL: |  1  2 |
---------------+-------+-----
Maces & Flails | 2 3 |  3.4
Fighting       | |  2.6
Dodging        | |  1.3
Stealth        | |  5.4

Action                     || total
---------------------------++-------
  Melee: Mace              ||    45
         Tailslap          ||     4
         Punch             ||     1
   Fire: Sling             ||     2
  Evoke: Wand              ||     1
    Use: Potion            ||     5
         Scroll            ||     2
   Stab: Invisible         ||     1
 Armour: Leather armour    ||    38
  Dodge: Dodged            ||    18

Table legend: (Time is in decaauts)
 A = Elapsed time spent in this place.
 B = Non-inter-level travel time spent in this place.
 C = Inter-level travel time spent in this place.
 D = Time resting spent in this place.
 E = Time spent auto-exploring this place.
 F = Levels seen in this place.
 G = Mean time per level.
                   A        B        C        D        E       F      G
               +--------+--------+--------+--------+--------+-----+--------+
         Total |    630 |    556 |     74 |     64 |      0 |   4 |  157.5 |
       Dungeon |    603 |    553 |     50 |     64 |      0 |   3 |  201.0 |
        Temple |     26 |      2 |     24 |      0 |      0 |   1 |   26.0 |
               +--------+--------+--------+--------+--------+-----+--------+

Top non-repeatable levels by time:
     D:3: 357 daAuts
     D:5: 146 daAuts
     D:4: 98 daAuts
  Temple: 26 daAuts
